 Dungeon Crawl Stone Soup version 0.27-a0-988-g25969acef8 (webtiles) character file.

Game seed: 10107049281223602205

0 karrick the Insei (level 1, 7/17 HPs)
             Began as a Djinni Transmuter on Apr 15, 2021.
             Quit the game on level 1 of the Dungeon.
             The game lasted 00:00:18 (28 turns).

karrick the Insei (Djinni Transmuter)                 Turns: 28, Time: 00:00:18

Health: 7/17       AC:  2    Str:  9    XL:     1   Next: 10%
Gold:   10         EV: 12    Int: 14    God:
                   SH:  0    Dex: 13

rFire    + + .     SeeInvis .     - Unarmed
rCold    x . .     Faith    .   (no shield)
rNeg     . . .     Spirit   .   a - +0 robe
rPois    ∞         Reflect  .   (no helmet)
rElec    .         Harm     .   (no cloak)
rCorr    .         Rampage  .   (no gloves)
Will     .....                  (boots unavailable)
Stlth    +.........             (no amulet)
HPRegen  0.05/turn              (no ring)
MPRegen  0.00/turn              (no ring)

@: flying
A: fire resistance 2, cold vulnerability 1, float, innate caster, hp casting,
extra vitality 1
a: no special abilities


You were on level 1 of the Dungeon.
You visited 1 branch of the dungeon, and saw 1 of its levels.

You collected 10 gold pieces.

Inventory:

Armour
 a - a +0 robe (worn)


   Skills:
 + Level 1.0 Fighting
 + Level 2.1 Dodging
 + Level 3.0 Unarmed Combat
 + Level 1.7 Spellcasting


You couldn't memorise any spells.
You knew the following spells:

 Your Spells              Type           Power      Damage    Failure   Level
a - Beastly Appendage     Tmut           12%        N/A       12%         1
b - Wereblood             Tmut           6%         N/A       19%         2
c - Spider Form           Tmut/Pois      3%         N/A       34%         3
d - Ice Form              Ice/Tmut       6%         N/A       75%         4
e - Hydra Form            Tmut           3%         N/A       97%         5
Your spell library was empty.

Dungeon Overview and Level Annotations

Branches:
Dungeon (1/15)

Altars:


Innate Abilities, Weirdness & Mutations

You are immune to poison.
Your flesh is very heat resistant. (rF++)
You are vulnerable to cold. (rC-)
You float through the air rather than walking.
You learn spells naturally, not from books.
Your magical power is your life essence.
You have superior vitality. (+4 HP)


Message History

Welcome, karrick the Djinni Transmuter.
It is said that the Orb of Zot exists deep within this dungeon.
Press ? for a list of commands and other information.
Found a staircase leading out of the dungeon.
You begin with the following spells memorised: Beastly Appendage, Wereblood, Spider Form, Ice Form, Hydra Form.
No target in view!
Unknown command.
You reach down and open the large door.
Found 18 poisoned darts.
There is a large open door here.
You reach down and open the door.
There is an open door here.
You now have 10 gold pieces.
A quokka comes into view.
The quokka moves out of view.
A rat comes into view.
The rat misses you.
You barely miss the rat.
The quokka bites you but does no damage.
The rat closely misses you.
You closely miss the rat. The quokka bites you.
The rat bites you but does no damage.
You hit the rat.
You kill the rat!
The quokka bites you.
You barely miss the quokka. The quokka barely misses you.
You completely miss the quokka. The quokka barely misses you.
The quokka bites you.
You hit the quokka but do no damage. The quokka bites you.
You are too injured to fight recklessly!
You are too injured to fight recklessly!
Are you sure you want to abandon this character and quit the game? (Confirm with "yes".)

#.... #...# .####...#
........# ......+ ###
#....####... ....
#.#.†r......
......#####.##@#####..
.......+...............
#.......#####.....#####.
......................
......................#
≈≈≈≈≈≈≈≈≈≈≈≈≈≈≈≈≈≈≈≈≈...
≈≈≈≈≈≈≈≈≈≈≈≈≈≈≈≈≈≈≈≈...
≈≈≈≈≈≈≈≈≈≈≈≈≈≈≈≈≈≈≈≈...
+#+#≈≈≈≈≈≈≈#+#+#≈≈≈...


You could see a quokka.

Vanquished Creatures
  A rat (D:1)
1 creature vanquished.

Notes
Turn   | Place    | Note
-------+----------+-------------------------------------------
     0 | D:1      | karrick the Djinni Transmuter began the quest for the Orb.
     0 | D:1      | Reached XP level 1. HP: 17/17 MP: 0/0
    28 | D:1      | Quit the game

Illustrated notes

Levels and vault maps discovered:
D:1:      dpeg_arrival_castle, layout_basic, ebering_ecumenical_altar_hall

Action                   || total
-------------------------++-------
Melee: Unarmed           ||     6
Armor: Robe              ||     2
Dodge: Dodged            ||     4

Table legend: (Time is in decaauts)
 A = Elapsed time spent in this place.
 B = Non-inter-level travel time spent in this place.
 C = Inter-level travel time spent in this place.
 D = Time resting spent in this place.
 E = Time spent auto-exploring this place.
 F = Levels seen in this place.
 G = Mean time per level.
                   A        B        C        D        E       F      G
               +--------+--------+--------+--------+--------+-----+--------+
         Total |     27 |     27 |      0 |      0 |     19 |   1 |   27.0 |
       Dungeon |     27 |     27 |      0 |      0 |     19 |   1 |   27.0 |
               +--------+--------+--------+--------+--------+-----+--------+

Top non-repeatable levels by time:
     D:1: 27 daAuts
